General information
- name: BNet
- type: Ladder 1vs1/FFA
- host: Battle.net
- saver: 7.14
map: TwistedMeadows
- players: 2
- length: 27:08
- speed: Fast
- version: 1.24 W3XP
- replay type: Public
» download(96 KB)
Players
team 1 (loser)
DropDeadFred (
blue | 104 APM | 2797 actions | 26:58)
5 Keeper of the Grove
2 Entangling Roots
3 Force of Nature
2 Demon Hunter
1 Evasion
1 Immolation
» actions
| Assign group hotkey | 19 | |
| Basic commands | 147 | |
| Build / train | 106 | |
| Enter build submenu | 46 | |
| Enter hero's abilities submenu | 7 | |
| Give item / drop item | 5 | |
| Remove unit from queue | 1 | |
| Right click | 1834 | |
| Select / deselect | 376 | |
| Select group hotkey | 156 | |
| Use ability | 100 | |
2797 total
» units
| Wisp | 43 | |
| Archer | 8 | |
| Forest Troll Berserker | 1 | |
| Huntress | 3 | |
| Goblin Zeppelin | 1 | |
| Goblin Shredder | 1 | |
| Dryad | 4 | |
| Druid of the Claw | 1 | |
| Mountain Giant | 1 | |
| Hippogryph | 9 | |
72 total
» upgrades
| Strength of the Wild | 2 | |
| Reinforced Hides | 2 | |
| Ultravision | 1 | |
| Backpack | 1 | |
| Abolish Magic | 1 | |
| Druid of the Claw Training | 2 | |
| Hardened Skin | 1 | |
10 total
» buildings
| Altar of Elders | 1 | |
| Moon Well | 13 | |
| Ancient of War | 1 | |
| Ancient of Wonders | 1 | |
| Hunter's Hall | 1 | |
| Ancient Protector | 5 | |
| Tree of Ages | 5 | |
| Tree of Life | 3 | |
| Ancient of Lore | 2 | |
| Tree of Eternity | 1 | |
| Ancient of Wind | 2 | |
35 total
» build order
00:07 Altar of Elders
00:09 Moon Well
00:13 Ancient of War
01:39 Ancient of Wonders
02:12 Moon Well
02:38 Moon Well
04:30 Hunter's Hall
04:37 Moon Well
05:23 Moon Well
06:00 Moon Well
07:51 Ancient Protector
08:56 Moon Well
09:26 Moon Well
09:59 Moon Well
10:20 Moon Well
10:59 Tree of Ages
10:59 Tree of Ages
11:30 Ancient Protector
12:11 Moon Well
13:21 Tree of Life
13:30 Ancient Protector
15:10 Ancient Protector
15:55 Ancient Protector
16:01 Moon Well
16:44 Ancient of Lore
17:19 Moon Well
17:40 Tree of Eternity
18:48 Ancient of Lore
20:29 Ancient of Wind
22:15 Tree of Life
23:13 Ancient of Wind
24:27 Tree of Life
» items
| Dust of Appearance | 3 | |
| Moonstone | 1 | |
| Potion of Healing | 1 | |
5 total
team 2 (winner)
7.14 (
red | 66 APM | 1791 actions | 27:08)
5 Blademaster
2 Wind Walk
3 Critical Strike
5 Tauren Chieftain
2 Shockwave
3 Endurance Aura
2 Far Seer
1 Chain Lighting
1 Far Sight
» actions
| Assign group hotkey | 46 | |
| Basic commands | 110 | |
| Build / train | 84 | |
| ESC pressed | 3 | |
| Enter build submenu | 42 | |
| Enter hero's abilities submenu | 12 | |
| Give item / drop item | 9 | |
| Right click | 698 | |
| Select / deselect | 400 | |
| Select group hotkey | 224 | |
| Use ability | 163 | |
1791 total
» units
| Peon | 18 | |
| Wind Rider | 4 | |
| Troll Witch Doctor | 2 | |
| Goblin Shredder | 2 | |
| Goblin Zeppelin | 1 | |
| Troll Batrider | 5 | |
32 total
» upgrades
| Witch Doctor Training | 2 | |
| Ranged Weapons | 3 | |
| Armor | 2 | |
| Envenomed Spears | 1 | |
| Liquid Fire | 1 | |
9 total
» buildings
| Altar of Storms | 1 | |
| Orc Burrow | 7 | |
| Voodoo Lounge | 2 | |
| War Mill | 1 | |
| Watch Tower | 27 | |
| Stronghold | 1 | |
| Beastiary | 3 | |
| Spirit Lodge | 1 | |
| Great Hall | 3 | |
| Fortress | 1 | |
47 total
» build order
00:05 Altar of Storms
00:19 Orc Burrow
00:47 Voodoo Lounge
01:18 War Mill
01:48 Orc Burrow
03:20 Watch Tower
03:20 Watch Tower
03:41 Watch Tower
03:43 Watch Tower
04:05 Stronghold
04:22 Orc Burrow
05:18 Watch Tower
05:23 Watch Tower
06:31 Beastiary
06:34 Beastiary
07:47 Orc Burrow
09:06 Spirit Lodge
10:54 Great Hall
11:47 Watch Tower
11:48 Watch Tower
11:49 Watch Tower
11:52 Watch Tower
11:53 Watch Tower
11:54 Watch Tower
12:32 Orc Burrow
12:59 Watch Tower
14:52 Fortress
15:55 Orc Burrow
17:46 Beastiary
18:31 Watch Tower
18:32 Watch Tower
18:33 Watch Tower
18:37 Watch Tower
18:38 Watch Tower
18:38 Watch Tower
20:46 Great Hall
20:49 Orc Burrow
20:50 Voodoo Lounge
22:20 Watch Tower
22:21 Watch Tower
22:22 Watch Tower
22:22 Watch Tower
22:23 Watch Tower
22:24 Watch Tower
23:28 Watch Tower
23:29 Watch Tower
23:31 Great Hall
» items
| Healing Salve | 8 | |
| Lesser Clarity Potion | 8 | |
| Boots of Speed | 2 | |
| Staff of Teleportation | 1 | |
| Scroll of Speed | 1 | |
| Potion of Healing | 2 | |
| Periapt of Vitality | 3 | |
| Orb of Lightning | 1 | |
26 total
Chat log
(24:39 / All) DropDeadFred: o_o;
(24:45 / All) DropDeadFred: man you play like a total douche..
(24:49 / All) 7.14: get mad about it?
(24:52 / All) DropDeadFred: nah
(24:54 / All) DropDeadFred: just boned
(24:56 / All) 7.14: they always deny it
(24:56 / All) DropDeadFred: pretty much
(25:01 / All) DropDeadFred: o0..
(25:05 / All) DropDeadFred: and your one of those guys..
(25:10 / All) 7.14: guys who beat you?
(25:17 / All) DropDeadFred: in this case probably
(25:17 / All) 7.14: no doubt theres quite a few
(25:20 / All) 7.14: so leave
(25:29 / All) DropDeadFred: why?
(25:30 / All) DropDeadFred: o_o
(25:35 / All) 7.14: stay if you want
(25:40 / All) DropDeadFred: I was going to
(25:42 / All) 7.14: youre the one complaining
(25:49 / All) DropDeadFred: I didnt complain
(25:52 / All) DropDeadFred: Just sad wow
(25:52 / All) DropDeadFred: D:
(25:53 / All) 7.14: lol
(25:55 / All) 7.14: denial
(26:00 / All) DropDeadFred: retard
(26:51 / All) 7.14: wow
(26:54 / All) DropDeadFred: Wow your pretty damn good